 Dungeon Crawl Stone Soup version 0.29.1-15-g9cfb28693d (webtiles) character file.

Game seed: 5526080476858680815

15800 HOAXBANE2 the Cleaver (level 12, -2/138 HPs)
             Began as a Human Artificer on Mar 11, 2023.
             Was an Elder of Nemelex Xobeh.
             Slain by a blink frog (12 damage)
             ... on level 1 of the Lair of Beasts.
             The game lasted 01:34:16 (14318 turns).

HOAXBANE2 the Cleaver (Human Artificer)            Turns: 14318, Time: 01:34:17

Health: -2/138     AC: 26    Str: 14    XL:     12   Next: 62%
Magic:  18/18      EV:  2    Int: 15    God:    Nemelex Xobeh [****..]
Gold:   1891       SH:  5    Dex: 14    Spells: 15/15 levels left

rFire   . . .      SeeInvis .   a - +8 broad axe
rCold   + . .      Faith    .   (no shield)
rNeg    + . .      Spirit   .   (body armour currently unavailable)
rPois   +          Reflect  +   (helmet currently unavailable)
rElec   .          Harm     .   (cloak currently unavailable)
rCorr   .          Rampage  .   (gloves currently unavailable)
Will    .....      NoTele   +   (boots currently unavailable)
Stlth   +++.......              C - amulet of reflection
HPRegen 0.33/turn               j - ring of positive energy
MPRegen 0.16/turn               m - ring of protection from cold

@: tree-form (expiring), studying Hexes
A: stationary, stasis, torment immunity, boosted hp
a: Renounce Religion, Draw Escape, Draw Destruction, Draw Summoning, Triple
Draw, Deal Four


You were on level 1 of the Lair of Beasts.
You worshipped Nemelex Xobeh.
Nemelex Xobeh was greatly pleased with you.
You were a tree.
You visited 2 branches of the dungeon, and saw 9 of its levels.
You also visited: Bailey.

You collected 1891 gold pieces.

Inventory:

Hand Weapons
 a - a +8 broad axe (weapon)
 r - a +0 flail of protection
Missiles
 q - 7 javelins (quivered)
 y - 6 poisoned darts
 G - 9 boomerangs of dispersal
 Q - 2 datura-tipped darts
Armour
 f - +0 steam dragon scales
 k - a +2 hat (melded)
 s - a +0 pair of boots (melded)
 L - a +3 chain mail of poison resistance (melded)
Jewellery
 i - a +6 ring of intelligence
 j - a ring of positive energy (left branch)
 m - a ring of protection from cold (right branch)
 w - a ring of wizardry
 C - an amulet of reflection (around neck)
 D - a ring of protection from fire
 M - a ring of wizardry
 O - a ring of ice
Wands
 c - a wand of flame (19)
 d - a wand of charming (6)
 e - a wand of iceblast (4)
 u - a wand of paralysis (5)
 F - a wand of roots (18)
 K - a wand of polymorph (4)
Scrolls
 o - 2 scrolls of teleportation
 v - a scroll of magic mapping
 x - 2 scrolls of fear
 A - a scroll of amnesia
 I - a scroll of summoning
Potions
 b - 3 potions of curing
 g - 2 potions of lignification
 h - a potion of resistance
 l - 5 potions of might
 n - 3 potions of berserk rage {unknown}
 t - 3 potions of heal wounds
 z - 2 potions of ambrosia
 B - 2 potions of brilliance {unknown}
 E - 2 potions of flight
 H - a potion of haste {unknown}
 J - a potion of cancellation {unknown}


   Skills:
 - Level 8.0 Fighting
 + Level 10.9(11.2) Axes
 - Level 4.0(8.0) Maces & Flails
 - Level 10.0 Armour
 - Level 4.1 Dodging
 - Level 5.0 Stealth
 - Level 2.2 Spellcasting
 - Level 8.0 Invocations
 - Level 3.0 Evocations


You had 15 spell levels left.
You didn't know any spells.
Your spell library contained the following spells:

 Spells                   Type           Power      Damage    Failure   Level
 Freeze                   Ice            4%         1d3       22%         1
 Shock                    Conj/Air       4%         1d3       22%         1
 Poisonous Vapours        Pois/Air       2%         N/A       32%         2
 Frozen Ramparts          Ice            2%         1d1       54%         3
 Swiftness                Air            1%         N/A       54%         3
 Airstrike                Air            0%         2d(1-17)  91%         4
 Anguish                  Hex/Necr       0%         N/A       91%         4
 Corpse Rot               Necr/Pois/Air  1%         N/A       91%         4
 Hailstorm                Conj/Ice       1%         3d3       91%         4
 Summon Lightning Spire   Summ/Air       1%         N/A       91%         4
 Enfeeble                 Hex            0%         N/A       100%        7
 Storm Form               Tmut/Air       0%         N/A       100%        7
 Maxwell's Capacitive Co  Air            0%         ∞         100%        8


Dungeon Overview and Level Annotations

Branches:
Dungeon (8/15)             Temple (0/1) D:6            Lair (1/5) D:8
 Bailey (visited)

Altars:
Ashenzari
Cheibriados
Nemelex Xobeh
Okawaru
Sif Muna
Vehumet
Zin


Message History

The blink frog is severely wounded.
The blink frog hits you but does no damage.
You barely miss the blink frog.
The blink frog is severely wounded.
The blink frog hits you.
* * * LOW HITPOINT WARNING * * *
The blink frog hits you but does no damage.
Unknown command.
You miss the blink frog.
The blink frog is severely wounded.
The blink frog hits you but does no damage.
You slice the blink frog!!
You kill the blink frog!
You miss the blink frog.
The blink frog is severely wounded.
The blink frog hits you but does no damage.
The blink frog hits you!
* * * LOW HITPOINT WARNING * * *
The blink frog blinks!
Unknown command.
Throw: 3 darts (datura)
Press: ? - help, Q - select action, (/) - cycle Shift-Dir - straight line, f - blink frog
Aim: a blink frog (severely wounded, 43% to hit, chance to frenzy on hit: 44%)
You throw a datura-tipped dart.
The datura-tipped dart hits the blink frog.
The blink frog resists.
The blink frog is severely wounded.
Your transformation is almost over.
Throw: 8 javelins
Press: ? - help, Q - select action, (/) - cycle Shift-Dir - straight line, f/p - blink frog
Aim: a blink frog (severely wounded, 43% to hit)
You throw a javelin.
The javelin closely misses the blink frog.
The blink frog hits you but does no damage.
You block the blink frog's attack.
You closely miss the blink frog.
The blink frog is severely wounded.
The blink frog hits you!
You die...
Your body disappears without a glow.

♣♣.♣ #...=.# ♣♣.♣♣ #.....# #
♣.♣♣ ##.....# # ♣.♣ #......# #
.♣♣ ♣.♣ #......# # ♣.♣♣ ♣.♣
#......## ## ♣..♣ ♣.♣
##.......# .# ♣..♣ ♣♣†♣
#.......## .## ♣/.♣ ♣♣♣♣♣
#.......# ..# ♣..♣ ♣F♣♣
##.......#
..###.F########(#####........#
....§...YYY..................##
.........Y....(..............P#
####P##############F#######.###
### ### ###


You could see a blink frog.

Vanquished Creatures
  A hydra (Lair:1)
  An orc knight (Bailey)
  A komodo dragon (Lair:1)
  A rime drake (Lair:1)
  3 hornets (D:8)
  3 blink frogs (Lair:1)
  7 spriggans (Lair:1)
  3 wyverns
  7 yaks
  2 steam dragons
  Edmund (D:5)
  4 water moccasins
  4 orc warriors
  2 black bears
  An ogre (D:5)
  2 phantoms (D:4)
  A kobold brigand (D:6)
  A gnoll sergeant (D:8)
  6 bullfrogs
  4 scorpions
  14 wights
  5 killer bees (D:8)
  A howler monkey (D:7)
  5 hounds
  A jelly (D:8)
  2 orc priests
  2 iguanas
  Jessica (D:2)
  Terence (D:2)
  An orc wizard (D:5)
  10 gnolls
  7 adders
  4 shadow imps
  2 white imps
  An ufetubus (D:6)
  3 worms
  4 dart slugs
  22 orcs
  9 ball pythons
  5 bats
  7 endoplasms
  18 goblins
  7 hobgoblins
  17 kobolds
  7 quokkas
  4 frilled lizards
  9 rats
224 creatures vanquished.

Vanquished Creatures (collateral kills)
  An orc warlord (Bailey)
  A yak (Lair:1)
  An orc warrior (Bailey)
  2 wights (D:8)
  An orc priest (D:5)
  An orc (D:3)
  A goblin (Bailey)
  A bat (D:3)
  A kobold (Bailey)
  A rat (D:3)
11 creatures vanquished.

Vanquished Creatures (others)
  A yak (Lair:1)
  A killer bee (D:8)
  3 fungi (Lair:1)
  A plant (D:1)
6 creatures vanquished.

Grand Total: 241 creatures vanquished

Notes
Turn   | Place    | Note
-------+----------+-------------------------------------------
     0 | D:1      | HOAXBANE2 the Human Artificer began the quest for the Orb.
     0 | D:1      | Reached XP level 1. HP: 15/15 MP: 1/1
   793 | D:1      | Found a faded altar of an unknown god.
   843 | D:1      | Reached XP level 2. HP: 21/22 MP: 2/2
  1335 | D:1      | Reached XP level 3. HP: 20/27 MP: 3/3
  1943 | D:2      | Noticed Jessica
  1946 | D:2      | Killed Jessica
  1947 | D:2      | Reached XP level 4. HP: 33/33 MP: 4/4
  2358 | D:2      | Noticed Terence
  2369 | D:2      | Killed Terence
  2370 | D:2      | Reached XP level 5. HP: 19/38 MP: 5/5
  3311 | D:3      | Reached skill level 5 in Armour
  3788 | D:3      | Reached XP level 6. HP: 39/46 MP: 6/6
  4712 | D:4      | Reached XP level 7. HP: 42/55 MP: 7/7
  4971 | D:4      | Reached skill level 5 in Fighting
  5112 | D:4      | Found a shimmering blue altar of Sif Muna.
  5113 | D:4      | Found a glowing silver altar of Zin.
  5113 | D:4      | Found a sparkling altar of Nemelex Xobeh.
  5114 | D:4      | Found a snail-covered altar of Cheibriados.
  5126 | D:4      | Became a worshipper of Nemelex Xobeh the Trickster
  5545 | D:4      | Identified the +4 dagger of the Living Dead {venom, rCorr}
  5648 | D:4      | Reached skill level 1 in Maces & Flails
  5941 | D:5      | Entered Level 5 of the Dungeon
  6593 | D:5      | Noticed Edmund
  6611 | D:5      | Killed Edmund
  6612 | D:5      | Reached XP level 8. HP: 64/64 MP: 8/8
  6710 | D:5      | Reached skill level 1 in Invocations
  7390 | D:5      | Reached * piety under Nemelex Xobeh
  7692 | D:6      | Noticed a yak
  7692 | D:6      | Noticed a yak
  7694 | D:6      | Noticed a yak
  7717 | D:6      | Killed a yak
  7733 | D:6      | Killed a yak
  7734 | D:6      | Reached XP level 9. HP: 37/69 MP: 11/11
  7962 | D:6      | Found a broken altar of Ashenzari.
  8157 | D:6      | Received a gift from Nemelex Xobeh
  8823 | D:6      | Reached ** piety under Nemelex Xobeh
  8941 | D:6      | Found a staircase to the Ecumenical Temple.
  8979 | D:6      | Identified 2 scrolls of acquirement
  8979 | D:6      | Acquired a manual of Hexes
  8981 | D:6      | Acquired 1115 gold pieces
  9101 | D:7      | Found an iron altar of Okawaru.
  9163 | D:7      | Received a gift from Nemelex Xobeh
  9898 | D:7      | Reached XP level 10. HP: 54/80 MP: 13/13
 10132 | D:7      | Reached skill level 5 in Invocations
 10703 | D:8      | Reached *** piety under Nemelex Xobeh
 10793 | D:8      | Found a radiant altar of Vehumet.
 11017 | D:8      | Received a gift from Nemelex Xobeh
 11095 | D:8      | Found a flagged portal.
 11126 | Bailey   | Entered a bailey
 11313 | Bailey   | Noticed an orc warlord
 11395 | Bailey   | Noticed an orc knight
 11431 | Bailey   | Killed an orc knight
 11492 | Bailey   | Found a runed translucent gate.
 11494 | Bailey   | Found a runed translucent gate.
 11507 | Bailey   | Found a runed translucent gate.
 11539 | Bailey   | Killed an orc warlord
 11861 | Bailey   | Reached XP level 11. HP: 86/86 MP: 17/17
 12073 | D:8      | Found a staircase to the Lair.
 12093 | D:8      | Reached skill level 5 in Stealth
 12218 | D:8      | Reached XP level 12. HP: 89/90 MP: 18/18
 12842 | Lair:1   | Entered Level 1 of the Lair of Beasts
 12870 | Lair:1   | Received a gift from Nemelex Xobeh
 12875 | Lair:1   | Reached **** piety under Nemelex Xobeh
 13200 | Lair:1   | Noticed a six-headed hydra
 13211 | Lair:1   | Killed a six-headed hydra
 13213 | Lair:1   | Reached skill level 10 in Armour
 13609 | Lair:1   | Reached skill level 10 in Axes
 13889 | Lair:1   | Received a gift from Nemelex Xobeh
 14136 | Lair:1   | Received a gift from Nemelex Xobeh
 14318 | Lair:1   | Slain by a blink frog

Illustrated notes

Levels and vault maps discovered:
D:1:      minmay_arrival_up_and_down, layout_loops_corners,
          dreamdust_ecumenical_altar_grove
D:2:      layout_loops_ring, uniq_terence, uniq_jessica
D:3:      layout_loops_cross, nicolae_elevator_lobby_plus
D:4:      black_bear_nest_2, layout_basic,
          chequers_temple_overflow_statue_of_worship, roderic_lattice_a,
          minmay_increasing_density
D:5:      layout_loops_cross, skrybe_limestone_x, nicolae_underground_beach,
          uniq_edmund
D:6:      layout_loops_corners, nicolae_overflow_crystal_walls,
          minmay_temple_entry_nine_rooms, minmay_unpleasant_kobolds
D:7:      layout_basic, okawaru_metal_pillars_1_2
D:8:      layout_gridville, nicolae_vehumet_radiance, lair_entry_dummy,
          enter_bailey_7, st_stairs_6, minmay_misc_feat_diagonals
Lair:1:   kb_forest_paths, layout_regular_city

Skill      XL: |  1  2  3  4  5  6  7  8  9 10 11 12 |
---------------+-------------------------------------+-----
Fighting       | 2 4 6 8 |  8.0
Armour         | 3 4 5 7 8 10 | 10.0
Maces & Flails | 3 4 |  4.0
Invocations    | 3 4 8 |  8.0
Spellcasting   | 2 |  2.2
Dodging        | 4 |  4.1
Stealth        | 4 5 |  5.0
Axes           | 9 10 | 10.9
Evocations     | |  3.0

Action                   |  1- 3 |  4- 6 |  7- 9 | 10-12 || total
-------------------------+-------+-------+-------+-------++-------
Melee: Dagger            |   109 |     7 |       |       ||   116
       Club              |    16 |    43 |       |       ||    59
       Punch             |     2 |     5 |     7 |     2 ||    16
       Flail             |       |   144 |   429 |   147 ||   720
       Falchion          |       |     8 |       |       ||     8
       Broad axe         |       |       |       |   155 ||   155
Throw: Javelin           |       |     9 |    26 |    16 ||    51
       Dart              |       |       |    15 |    13 ||    28
       Boomerang         |       |       |       |     5 ||     5
Invok: Draw Destruction  |       |       |       |    10 ||    10
       Draw Summoning    |       |       |       |     2 ||     2
       Draw Escape       |       |       |       |     1 ||     1
Evoke: Wand              |     1 |     9 |     8 |    37 ||    55
  Use: Scroll            |       |     9 |     4 |    11 ||    24
       Potion            |       |       |       |     5 ||     5
 Stab: Sleeping          |     1 |       |       |       ||     1
       Betrayed ally     |       |     1 |       |       ||     1
       Paralysed         |       |       |    15 |    25 ||    40
       Invisible         |       |       |       |     2 ||     2
Armor: Leather armour    |     5 |       |       |       ||     5
       Scale mail        |    50 |    28 |       |       ||    78
       Chain mail        |       |   159 |   304 |    67 ||   530
       Steam dragon scal |       |       |       |    52 ||    52
       Skin              |       |       |       |    28 ||    28
Dodge: Dodged            |    64 |    81 |   150 |   150 ||   445
Block: Other             |       |       |    90 |    70 ||   160
       Reflection        |       |       |     1 |     1 ||     2
